 Dungeon Crawl Stone Soup version 0.31-a0-188-g5e087ee2ca (webtiles) character file.

Game seed: 13764362803040364818

25 qw the Shooter (level 2, -2/16 HPs)
             Began as a Deep Elf Hunter on June 23, 2023.
             Slain by a worm (7 damage)
             ... on level 1 of the Dungeon.
             The game lasted 00:00:15 (598 turns).

qw the Shooter (Deep Elf Hunter)                     Turns: 598, Time: 00:00:16

Health: -2/16      AC:  6    Str:  8    XL:     2   Next: 86%
Magic:  4/4        EV:  8    Int: 13    God:
Gold:   36         SH:  0    Dex: 18    Spells: 1/1 levels left

rFire   . . .        Y - +0 shortbow
rCold   . . .        (shield currently unavailable)
rNeg    . . .        i - +0 scale mail
rPois   .            (no helmet)
rElec   .            (no cloak)
rCorr   .            (no gloves)
SInv    .            (no boots)
Will    .....        (no amulet)
Stlth   +            (no ring)
HPRegen 0.22/turn    (no ring)
MPRegen 0.09/turn

%: no passive effects
@: no status effects
A: no striking features
a: no special abilities


You were on level 1 of the Dungeon.
You visited 1 branch of the dungeon, and saw 2 of its levels.

You collected 36 gold pieces.


   Skills:
 - Level 1.5 Fighting
 + Level 6.5 Ranged Weapons
 - Level 2.4 Dodging
 - Level 1.2 Stealth


You had one spell level left.
You didn't know any spells.
Your spell library was empty.

Inventory:

Hand Weapons
 Y - a +0 shortbow (weapon)
Armour
 i - a +0 scale mail (worn)
Scrolls
 g - a scroll of identify
Potions
 f - a potion of haste {unknown}
 h - a potion of magic {unknown}

Dungeon Overview and Level Annotations

Branches:
Dungeon (2/15)

Altars:


Message History

The endoplasm is heavily wounded.
A quokka comes into view.
A rat comes into view.
A giant cockroach comes into view.
You shoot an arrow. The arrow hits the endoplasm.
The endoplasm is severely wounded.
The quokka falls through a shaft!
The shaft crumbles and collapses.
A quokka comes into view.
The endoplasm freezes you.
You are frozen.
591 ||| STAIRDANCE The endoplasm freezes you.
You are frozen.
The endoplasm freezes you.
You are frozen.
The worm closely misses you.
You climb upwards.
There is a stone staircase leading down here.
You shoot an arrow. The arrow barely misses the endoplasm.
The endoplasm freezes you.
You are frozen.
The endoplasm hits you. The worm barely misses you. The endoplasm freezes you.
You are frozen.
The endoplasm barely misses you.
594 ||| DRINKING potion of heal wounds.
You feel much better. The endoplasm barely misses you. The endoplasm hits you.
You shoot an arrow. The arrow barely misses the endoplasm.
The worm barely misses you.
The endoplasm hits you but does no damage.
The endoplasm barely misses you.
You shoot an arrow. The arrow hits the endoplasm.
You kill the endoplasm!
The endoplasm freezes you.
You are frozen.
The worm bites you.
You shoot an arrow. The arrow hits the worm!
The worm is heavily wounded.
The endoplasm hits you but does no damage.
The worm barely misses you. The endoplasm completely misses you.
You shoot an arrow. The arrow hits the worm.
The worm is severely wounded.
The endoplasm freezes you.
You are frozen.
The worm bites you!
You die...

### #.## ## #..### ### ### .##
#....####P## .. ..##
##.....#P..###. ##### #..####
###.###...P#P###....
##....##########J.#7[PP.#..##..%.
...............w@.#_.~~..#.#.....
#######....########7.~P.##.#.)...
##########...### ###.?..#........
........####...###.#...####...###
#######.# ###.##..##.###.###.##.
<.##..#.######..#..#### #.# #..#.
..##..#.#............# #.# ##.#.
####..#.#...........### #.# #...
####..#.#.............# #.# ###.


You could see a worm and an endoplasm.

Vanquished Creatures
  A ball python (D:1)
  2 endoplasms (D:1)
  3 goblins
  A hobgoblin (D:1)
  3 jackals (D:1)
  4 kobolds (D:1)
  A quokka (D:1)
  2 bats (D:1)
  4 frilled lizards (D:1)
  A rat (D:1)
22 creatures vanquished.

Notes
Turn   | Place    | Note
-------+----------+-------------------------------------------
     0 | D:1      | qw the Deep Elf Hunter began the quest for the Orb.
     0 | D:1      | Reached XP level 1. HP: 12/12 MP: 3/3
     0 | D:1      | 0 ||| qw: Version: 0.3-a-9-g12657ce
     0 | D:1      | 0 ||| qw: Game counter: 3990
     0 | D:1      | 0 ||| qw: Always use a shield: true
     0 | D:1      | 0 ||| qw: God list: Okawaru
     0 | D:1      | 0 ||| qw: Allow faded altars: false
     0 | D:1      | 0 ||| qw: Do Orc after D:15 true
     0 | D:1      | 0 ||| qw: Do second Lair branch before Depths: true
     0 | D:1      | 0 ||| qw: Lair rune preference: random
     0 | D:1      | 0 ||| qw: Plans: Normal
     0 | D:1      | 0 ||| PLANNING D:1-11
   183 | D:1      | Reached XP level 2. HP: 16/16 MP: 4/4
   185 | D:1      | Reached skill level 6 in Ranged Weapons
   318 | D:1      | 318 ||| FLEEEEING.
   319 | D:1      | 319 ||| FLEEEEING.
   320 | D:1      | 320 ||| FLEEEEING.
   421 | D:1      | Found a faded altar of an unknown god.
   428 | D:1      | 428 ||| UPGRADING to +0 scale mail.
   438 | D:1      | 438 ||| DROPPING +0 leather armour.
   439 | D:1      | 439 ||| READING scroll labelled KOCKUUSADD.
   540 | D:1      | 540 ||| READING 3 scrolls labelled LAHEOX ECVOP.
   541 | D:1      | 541 ||| READING 2 scrolls of identify.
   541 | D:1      | 541 ||| IDENTIFYING red potion
   542 | D:1      | 542 ||| DROPPING scroll of butterflies.
   591 | D:2      | 591 ||| STAIRDANCE
   593 | D:1      | HP: 4/16 [endoplasm (1)]
   593 | D:1      | HP: 1/16 [frozen (3)]
   594 | D:1      | 594 ||| DRINKING potion of heal wounds.
   598 | D:1      | Slain by a worm

Levels and vault maps discovered:
D:1:      dpeg_arrival_short_road, layout_rooms,
          dreamdust_ecumenical_altar_hidden_monk_grotto, minmay_cut_off
D:2:      layout_basic, minmay_surrounded

Skill      XL: |  1  2 |
---------------+-------+-----
Ranged Weapons | 6 |  6.5
Fighting       | |  1.5
Dodging        | |  2.4
Stealth        | |  1.2

Action                     || total
---------------------------++-------
   Fire: Shortbow          ||    62
    Use: Scroll            ||     3
         Potion            ||     1
 Armour: Leather armour    ||     6
         Scale mail        ||     2
  Dodge: Dodged            ||    17

Table legend:
 A = Non-vault XP
 B = Vault XP
 C = Vault XP percentage of total XP
 D = Non-vault monster count
 E = Vault monster count
 F = Vault count percentage of total count
                 A         B        C        D         E       F
            +---------+---------+-------+---------+---------+-------
      Total |      35 |       2 |   5.4 |      21 |       1 |   4.5
            +---------+---------+-------+---------+---------+-------
        D:1 |      33 |       2 |   5.7 |      20 |       1 |   4.8
        D:2 |       2 |       0 |   0.0 |       1 |       0 |   0.0
            +---------+---------+-------+---------+---------+-------
